 Dungeon Sprint DCSS version 0.29.1-12-g30fa7ad0bf (webtiles) character file.

Game seed: 12752430273633820709

7561 Groucho the Spry (level 10, 0/49 HPs)
             Began as a Spriggan Enchanter on Dec 29, 2022.
             Was a High Priest of Dithmenos.
             Succumbed to a redback's poison
             ... in the Dungeon (Sprint II: "The Violet Keep of Menkaure").
             The game lasted 00:08:50 (1299 turns).

Groucho the Spry (Spriggan Enchanter)               Turns: 1299, Time: 00:08:51

Health: 0/49       AC:  4    Str:  8    XL:     10   Next: 96%
Magic:  16/25      EV: 29    Int: 17    God:    Dithmenos [*****.]
Gold:   591        SH:  0    Dex: 16    Spells: 16/29 levels left

rFire   + . .      SeeInvis +   a - +1 dagger
rCold   + . .      Faith    .   (no shield)
rNeg    . . .      Spirit   .   f - +2 robe {rC+ rF+}
rPois   .          Reflect  .   (helmet restricted)
rElec   .          Harm     .   (no cloak)
rCorr   .          Rampage  .   (gloves unavailable)
Will    +....      NoTele   +   (boots unavailable) Stlth *+++++++++
                                (no amulet)
HPRegen 0.16/turn               (no ring)
MPRegen 0.19/turn               (no ring)

@: lethally poisoned (0 -> -26), wreathed by umbra, very quick
A: very small, no large weapons, unfitting armour, see invisible, speed 3,
inability to drink after injury 1
a: Renounce Religion, Shadow Step, Shadow Form


You were in the Dungeon.
You worshipped Dithmenos.
Dithmenos was extremely pleased with you.
You visited 1 branch You collected 1296 gold pieces.
You spent 705 gold pieces at shops.

Inventory:

Hand Weapons
 a - a +1 dagger (weapon)
 d - a +0 dagger of speed
Armour
 f - a +2 robe of resistance (worn)
Jewellery
 h - a ring of poison resistance
Potions
 b - 2 potions of flight
 g - a potion of magic


   Skills:
 + Level 3.1 Fighting
 - Level 10.4 Short Blades
 - Level 16.9 Dodging
 - Level 16.0 Stealth
 - Level 10.0 Spellcasting
 - Level 14.0 Hexes
 - Level 12.7 Invocations


You had 16 spell levels left.
You knew the following spells:

 Your Spells              Type           Power      Damage    Failure   Level
a - Ensorcelled Hibernat  Hex/Ice        64%        N/A       1%          2
b - Confusing Touch       Hex            54%        N/A       1%          3
c - Dazzling Flash        Conj/Hex       64%        N/A       1%          3
d - Tukima's Dance        Hex            54%        N/A       1%          3
e - Passwall              Tmut/Erth      6%         N/A       13%         2

Your spell library contained the following spells:

 Spells                   Type           Power      Damage    Failure   Level
 Swiftness                Air            8%         N/A       26%         3


Dungeon Overview and Level Annotations

Branches:
Dungeon (1/1)

Altars:
Cheibriados
Dithmenos
Elyvilon
Fedhas
Gozag
Hepliaklqana
Kikubaaqudgha
Makhleb
Nemelex Xobeh
Okawaru
Qazlal
Ru
Sif Muna
Trog
Uskayaw
Vehumet
Wu Jian
Xom
Yredelemnul
Zin
The Shining One
Jiyva
Lugonu

Shops:
D :::(===[!?[[!=(

Annotations:
D exclusion: oklob plant


Innate Abilities, Weirdness & Mutations

You are very small and have problems with some larger weapons.
You are too small for most types of armour.
You have supernaturally acute eyesight. (SInv)
You cover ground extremely quickly. (Speed+++)
You occasionally lose the ability to drink potions when taking damage.


Message History

Casting: Ensorcelled Hibernation (safe; 1% risk of failure)
Confirm with . or Enter, or press ? or * to list all spells.
Aiming: Ensorcelled Hibernation (safe; 1% risk of failure)
Press: ? - help, Shift-Dir - straight line, f/p - redback
Aim: a redback (umbra, chance to affect: 62%)
The redback looks drowsy...
You feel extremely sick.
The helpless redback fails to defend itself.
You perforate the redback like a sieve!!!!
You kill the redback!
Dithmenos accepts your kill.
You feel very sick.
Unknown command.
Unknown command.
Casting: Ensorcelled Hibernation (safe; 1% risk of failure)
Confirm with . or Enter, or press ? or * to list all spells.
Aiming: Ensorcelled Hibernation (safe; 1% risk of failure)
Press: ? - help, Shift-Dir - straight line, f - black bear
Aim: a black bear (umbra, chance to affect: 62%)
The black bear looks drowsy...
Your shadow mimicks your spell!
The black bear is unaffected.
* * * LOW HITPOINT WARNING * * *
You feel extremely sick.
The helpless black bear fails to defend itself.
You spit the black bear like a pig!!!!
You kill the black bear!
Dithmenos accepts your kill.
* * * LOW HITPOINT WARNING * * *
You feel very sick.
Your Fighting skill increases to level 3!
Casting: Ensorcelled Hibernation (safe; 1% risk of failure)
Confirm with . or Enter, or press ? or * to list all spells.
Aiming: Ensorcelled Hibernation (safe; 1% risk of failure)
Press: ? - help, Shift-Dir - straight line, f - unseen horror
Aim: an unseen horror (slightly transparent, umbra, chance to affect: 62%)
The unseen horror looks drowsy...
Your shadow mimicks your spell!
The unseen horror is unaffected.
You die...

#⌠.xs #SS. ...~ ##hS##
##.§. ##≈..h### ~##~§~~
#)§.s...### ~~#'''#
####...h#.## ~~.~...
#..'....#.†# ~~~.##'#
#..####.#..# ~~~####.##
####.@xh##.# ~~~#..##.#
..#..#^..####
~####...####..#####..##.#


$???( ##.###'###.##..#..'..#..#▓=?$:$$ #..†##.##.†##..#..#..#.†#▓?$!?!$
'.##'.<.'##.'..####..##)#▓)(!!!) ###.##.##.†##....###...##▓▓▓▓▓▓▓
##.###'###.##......~~~~~~~~~~~~~ ~####...####~~..§..~#'########+# You could see
an unseen horror (invisible, asleep) and a black bear.

Vanquished Creatures
  A deep elf master archer (D)
  A crystal guardian (D)
  2 death drakes (D)
  An unseen horror (D)
  A yaktaur (D)
  3 polar bears (D)
  A hornet (D)
  3 slime creatures (D)
  3 wyverns (D)
  3 yaks (D)
  2 redbacks (D)
  Menkaure (D)
  4 neqoxecs (D)
  3 water moccasins (D)
  2 swamp drakes (D)
  2 black bears (D)
  4 necrophages (D)
  4 scorpions (D)
  3 worms (D)
44 creatures vanquished.

Notes
Turn   | Place    | Note
-------+----------+-------------------------------------------
     0 | D        | Groucho the Spriggan Enchanter began the quest for the Orb.
     0 | D        | Reached XP level 1. HP: 9/9 MP: 5/5
     7 | D        | Reached skill level 5 in Stealth
    14 | D        | Reached XP level 2. HP: 13/13 MP: 5/7
    16 | D        | Noticed a neqoxec
    16 | D        | Noticed a neqoxec
    16 | D        | Noticed a neqoxec
    16 | D        | Noticed a neqoxec
    27 | D        | Killed a neqoxec
    28 | D        | Reached skill level 10 in Stealth
    28 | D        | Reached skill level 5 in Spellcasting
    28 | D        | Reached XP level 3. HP: 16/16 MP: 6/11
    28 | D        | Reached XP level 4. HP: 21/21 MP: 6/12
    31 | D        | Killed a neqoxec
    32 | D        | Reached XP level 5. HP: 24/24 MP: 6/15
    33 | D        | Killed a neqoxec
    34 | D        | Reached XP level 6. HP: 28/28 MP: 7/17
    50 | D        | Reached skill level 15 in Stealth
    50 | D        | Reached XP level 7. HP: 24/32 MP: 8/20
    61 | D        | Reached skill level 10 in Hexes
    92 | D        | Found Begruod's Antique Armour Shop.
    92 | D        | Found Xikhliel's Distillery.
    92 | D        | Found Tepuvoaz's Distillery.
    92 | D        | Found Cagyirch's Antique Weapon Shop.
    92 | D        | Found Xicuvam's Magic Scroll Boutique.
    92 | D        | Found Pogh's Antique Armour Boutique.
    96 | D        | Learned a level 2 spell: Ensorcelled Hibernation
   100 | D        | Learned a level 3 spell: Confusing Touch
   104 | D        | Learned a level 3 spell: Dazzling Flash
   108 | D        | Learned a level 3 spell: Tukima's Dance
   108 | D        | Found Gekoypt's Armour Boutique.
   108 | D        | Found Lerchaupn's Jewellery Boutique.
   109 | D        | Found Cirhyd's Jewellery Shop.
   109 | D        | Found Qeopixu's Jewellery Boutique.
   109 | D        | Noticed Menkaure
   109 | D        | Noticed a death yak
   122 | D        | Killed Menkaure
   123 | D        | Reached skill level 10 in Spellcasting
   124 | D        | Noticed a manticore
   124 | D        | Gained mutation: You occasionally lose the ability to drink
                  | potions when taking damage. [a neqoxec]
   134 | D        | Killed a neqoxec
   135 | D        | Reached XP level 8. HP: 21/36 MP: 14/23
   137 | D        | Found Celivom's Jewellery Boutique.
   137 | D        | Found Anaa's Antique Weapon Shop.
   137 | D        | Noticed an oklob plant
   137 | D        | Noticed a manticore
   138 | D        | Found Axze's Book Shop.
   138 | D        | Found Netz's Book Shoppe.
   138 | D        | Found Uqeumoipn's Book Boutique.
   140 | D        | Noticed a manticore
   156 | D        | Bought a book of Burglary for 260 gold pieces
   159 | D        | Learned a level 2 spell: Passwall
   179 | D        | Bought a glowing dagger for 120 gold pieces
   181 | D        | Bought a runed robe for 85 gold pieces
   183 | D        | Bought a ring of poison resistance for 240 gold pieces
   191 | D        | Reached skill level 10 in Short Blades
   257 | D        | Found an opulent altar of Gozag.
   259 | D        | Found an iron altar of Okawaru.
   261 | D        | Found a blossoming altar of Fedhas.
   261 | D        | Found a sparkling altar of Nemelex Xobeh.
   262 | D        | Found a white marble altar of Elyvilon.
   262 | D        | Found a burning altar of Makhleb.
   262 | D        | Found a radiant altar of Vehumet.
   263 | D        | Found a corrupted altar of Lugonu.
   263 | D        | Found a shadowy altar of Dithmenos.
   263 | D        | Found a hide-covered altar of Uskayaw.
   264 | D        | Found an ancient bone altar of Kikubaaqudgha.
   264 | D        | Found a bloodstained altar of Trog.
   264 | D        | Found a snail-covered altar of Cheibriados.
   264 | D        | Found a glowing silver altar of Zin.
   265 | D        | Found a shimmering blue altar of Sif Muna.
   265 | D        | Found a basalt altar of Yredelemnul.
   265 | D        | Found a viscous altar of Jiyva.
   269 | D        | Found an ornate altar of the Wu Jian Council.
   269 | D        | Found a shimmering altar of Xom.
   269 | D        | Found a sacrificial altar of Ru.
   269 | D        | Found a glowing golden altar of the Shining One.
   269 | D        | Found a stormy altar of Qazlal.
   269 | D        | Found a hazy altar of Hepliaklqana.
   274 | D        | Became a worshipper of Dithmenos the Shadowed
   288 | D        | Noticed a slime creature
   289 | D        | Noticed a slime creature
   289 | D        | Noticed a slime creature
   290 | D        | Killed a slime creature
   293 | D        | Killed a slime creature
   296 | D        | Killed a slime creature
   296 | D        | Reached * piety under Dithmenos
   297 | D        | Reached skill level 5 in Dodging
   309 | D        | Reached XP level 9. HP: 38/39 MP: 15/24
   310 | D        | Reached ** piety under Dithmenos
   311 | D        | Reached skill level 10 in Dodging
   318 | D        | Noticed a deep elf master archer
   325 | D        | Reached skill level 5 in Invocations
   611 | D        | Noticed a yaktaur
   611 | D        | Noticed a polar bear
   612 | D        | Noticed a polar bear
   612 | D        | Noticed a polar bear
   613 | D        | Killed a polar bear
   613 | D        | Reached *** piety under Dithmenos
   614 | D        | Killed a polar bear
   624 | D        | Killed a polar bear
   630 | D        | Killed a yaktaur
   630 | D        | Reached **** piety under Dithmenos
   804 | D        | Noticed a death drake
   810 | D        | Noticed a death drake
   810 | D        | Noticed a crystal guardian
   813 | D        | Killed a crystal guardian
   814 | D        | Reached skill level 10 in Invocations
   814 | D        | Reached XP level 10. HP: 44/44 MP: 25/25
   815 | D        | Killed a death drake
   815 | D        | Reached ***** piety under Dithmenos
   817 | D        | Killed a death drake
   818 | D        | Reached skill level 15 in Dodging
   835 | D        | Killed a deep elf master archer
  1265 | D        | Noticed a hell hog
  1277 | D        | Reached skill level 1 in Fighting
  1299 | D        | Succumbed to a redback's poison

Illustrated notes

Levels and vault maps discovered:
D:        the_violet_keep_of_menkaure [sprint2_stairs_cluster_1,
          sprint2_shoproom, sprint2_temple, sprint2_basic_supplies,
          sprint2_obstacle_7, sprint2_obstacle_2, sprint2_obstacle_6,
          sprint2_obstacle_1, sprint2_obstacle_4, sprint2_timed_cluster_1,
          sprint2_smallroom_cluster_1, sprint2_smallroom_final_cluster_1,
          sprint2_transparent_cluster_1, sprint2_second_timed_cluster_1,
          sprint2_sniper_area_1, sprint2_heavy_combat_area_1,
          sprint2_mutation_trap_area_1, sprint2_forest_area_1,
          sprint2_light_combat_area_1, sprint2_behind_water_1,
          sprint2_near_end_vault_1]

Skill      XL: |  1  2  3  4  5  6  7  8  9 10 |
---------------+-------------------------------+-----
Stealth        | 6 10 12 14 15 16 | 16.0
Spellcasting   | 3 5 7 8 10 | 10.0
Hexes          | 4 6 7 8 9 11 14 | 14.0
Short Blades   | 2 4 6 7 9 10 | 10.4
Dodging        | 8 13 16 | 16.9
Invocations    | 10 12 | 12.7
Fighting       | 3 |  3.1

Action                   |  1- 3 |  4- 6 |  7- 9 | 10-12 || total
-------------------------+-------+-------+-------+-------++-------
Melee: Dagger            |    13 |     8 |    29 |    13 ||    63
 Cast: Ensorcelled Hiber |       |       |    12 |    17 ||    29
       Confusing Touch   |       |       |     2 |       ||     2
       Passwall          |       |       |     1 |       ||     1
  Use: Potion            |     4 |       |     2 |     2 ||     8
       Scroll            |       |       |     1 |       ||     1
 Stab: Invisible         |     2 |     2 |       |     2 ||     6
       Sleeping          |     2 |     3 |    22 |    10 ||    37
       Confused          |       |       |     3 |       ||     3
Armor: Robe              |       |       |     1 |     2 ||     3
Dodge: Dodged            |     4 |     3 |    11 |    18 ||    36
